 Dungeon Crawl Stone Soup version 0.22-a0-448-g1fb7470005 (webtiles) character file.

234862 Kriby the Phalangite (level 19, -12/141 HPs)
             Began as a Merfolk Skald on June 3, 2018.
             Was the Champion of Hepliaklqana.
             Shot with a bolt by a vault warden (42 damage)
             ... on level 1 of the Vaults on June 4, 2018.
             The game lasted 01:39:46 (46681 turns).

Kriby the Phalangite (Merfolk Skald)               Turns: 46681, Time: 01:39:46

Health: -12/141    AC: 17    Str: 17    XL:     19   Next: 16%
Magic:  33/33      EV: 25    Int: 14    God:    Hepliaklqana [******]
Gold:   3049       SH: 17    Dex: 16    Spells: 29/39 levels left

rFire    + . .     SeeInvis +   y - +1 demon trident (drain)
rCold    + . .     Gourm    .   a - +2 shield
rNeg     . . .     Faith    .   b - +0 swamp dragon scales
rPois    +         Spirit   .   T - +1 helmet
rElec    .         Reflect  +   N - +2 cloak {rF+}
rCorr    +         Harm     .   G - +1 pair of gloves
MR       +....                  X - +2 pair of boots of Bitterness {rC+ rCorr Dex+2}
Stlth    +.........             w - +3 amulet of reflection
HPRegen  0.33/turn              v - +3 ring of evasion
MPRegen  0.23/turn              i - ring of see invisible

@: drained
A: change form in water, swift swim, stealthy swim, reduced essence
}: 2/15 runes: decaying, gossamer
a: Recall Ancestor, Ancestor Identity, Transference, Idealise, Renounce Religion


You were on level 1 of the Vaults.
You worshipped Hepliaklqana.
Hepliaklqana was exalted by your worship.
You were near starving.

You visited 7 branches of the dungeon, and saw 33 of its levels.
You also visited: Labyrinth, Bailey, Ice Cave and Volcano.

You collected 4737 gold pieces.
You spent 1688 gold pieces at shops.

Inventory:

Hand Weapons
 y - a +1 demon trident of draining (weapon)
 H - a +6 bardiche of flaming
Missiles
 C - 5 throwing nets (quivered)
 Y - 26 javelins
Armour
 a - a +2 shield (worn)
 b - +0 swamp dragon scales (worn)
 g - a +3 leather armour of poison resistance
 G - a +1 pair of gloves (worn)
 L - a scarf of resistance
 N - a +2 cloak of fire resistance (worn)
 T - a +1 helmet (worn)
 X - the +2 pair of boots of Bitterness (worn) {rC+ rCorr Dex+2}
   (You acquired it on level 4 of the Spider Nest)

   It affects your dexterity (+2).
   It protects you from cold.
   It protects you from acid and corrosion.
Jewellery
 i - a ring of see invisible (right hand)
 m - an uncursed ring of protection from magic
 o - an uncursed ring of poison resistance
 p - a +2 ring of protection
 r - an uncursed ring of resist corrosion
 v - a +3 ring of evasion (left hand)
 w - a +3 amulet of reflection (around neck)
Wands
 B - a wand of iceblast (45) {@v4}
 O - a wand of scattershot (5) {@v5}
 R - a wand of flame (11)
 S - a wand of digging (12) {@v1}
 U - a wand of acid (4) {@v2}
Scrolls
 c - 5 scrolls of enchant weapon
 e - 9 scrolls of teleportation {@r3}
 j - 2 scrolls of vulnerability
 q - 12 scrolls of remove curse {@r2}
 t - 2 scrolls of enchant armour
 z - 6 scrolls of amnesia
 E - 5 scrolls of fog
 F - 19 scrolls of identify {@r1}
 I - a scroll of magic mapping
 W - 2 scrolls of blinking {@r4}
Potions
 f - 5 potions of agility {@q5}
 h - 4 potions of lignification
 k - a potion of might {@q4}
 l - 4 potions of magic
 n - a potion of flight
 s - 2 potions of ambrosia
 x - a potion of invisibility
 A - 7 potions of haste {@q3}
 D - 3 potions of brilliance
 J - 3 potions of resistance
 K - a potion of mutation
 M - 15 potions of curing {@q1}
 Q - 4 potions of cancellation
 Z - 3 potions of heal wounds {@q2}
Comestibles
 d - 63 rations {@e1}


   Skills:
 + Level 15.9(15.3) Fighting
 - Level 23.2(22.5) Polearms
 - Level 0.6(0.1) Armour
 - Level 18.2(17.6) Dodging
 * Level 11.3(10.7) Shields
 - Level 10.7(10.1) Spellcasting
 - Level 3.0(2.5) Hexes
 - Level 12.7(12.1) Charms
 + Level 2.8(2.3) Necromancy
 + Level 2.9(2.5) Translocations


You had 29 spell levels left.
You knew the following spells:

 Your Spells              Type           Power        Failure   Level  Hunger
a - Infusion              Chrm           ####         1%          1    None
b - Shroud of Golubria    Chrm/Tloc      ####......   2%          2    None
r - Regeneration          Chrm/Necr      ####......   4%          3    #......
v - Animate Skeleton      Necr           N/A          13%         1    None
w - Spectral Weapon       Hex/Chrm       ####....     4%          3    #......

Your spell library contained the following spells:

 Spells                   Type           Power        Failure   Level  Hunger
 Cause Fear               Hex            ##........   75%         4    ###....
 Apportation              Tloc           ##....       12%         1    None
 Bolt of Magma            Conj/Fire/Erth #.........   100%        5    #####..
 Slow                     Hex            ##......     17%         2    None
 Confuse                  Hex            ##......     34%         3    #......
 Throw Frost              Conj/Ice       #.....       45%         2    None
 Venom Bolt               Conj/Pois      #.........   100%        5    #####..
 Teleport Other           Tloc           ##......     34%         3    #......
 Summon Small Mammal      Summ           #...         32%         1    None
 Blink                    Tloc           N/A          19%         2    None
 Freeze                   Ice            #...         32%         1    None
 Summon Ice Beast         Ice/Summ       #.......     97%         4    ###....
 Ozocubu's Armour         Chrm/Ice       ###.....     9%          3    #......
 Sublimation of Blood     Necr           ##........   19%         2    None
 Corpse Rot               Necr           N/A          19%         2    None
 Iron Shot                Conj/Erth      #.........   100%        6    ######.
 Stone Arrow              Conj/Erth      #.....       69%         3    #......
 Spider Form              Tmut/Pois      #.........   69%         3    #......
 Blade Hands              Tmut           #.........   100%        5    #####..
 Ice Form                 Ice/Tmut       #.......     97%         4    ###....
 Throw Icicle             Conj/Ice       #.......     97%         4    ###....
 Confusing Touch          Hex            ##....       12%         1    None
 Ignite Poison            Fire/Tmut/Pois #.......     69%         3    #......
 Sticks to Snakes         Tmut           #.......     45%         2    None
 Silence                  Hex/Air        ##........   99%         5    #####..
 Corona                   Hex            ##.....      12%         1    None
 Alistair's Intoxication  Tmut/Pois      #.......     100%        5    #####..
 Portal Projectile        Hex/Tloc       ##....       34%         3    #......
 Petrify                  Tmut/Erth      #.......     97%         4    ###....
 Passage of Golubria      Tloc           N/A          75%         4    ###....
 Orb of Destruction       Conj           #.........   100%        7    #######
 Leda's Liquefaction      Hex/Erth       ##........   89%         4    ###....
 Summon Hydra             Summ           #.........   100%        7    #######
 Inner Flame              Hex/Fire       ##......     52%         3    #......
 Beastly Appendage        Tmut           #.....       32%         1    None
 Iskenderun's Battlesphe  Conj/Chrm      ###.....     58%         5    #####..
 Song of Slaying          Chrm           #####...     1%          2    None
 Discord                  Hex            ##........   100%        8    #######
 Summon Forest            Summ/Tloc      ##........   99%         5    #####..
 Spellforged Servitor     Conj/Summ      #.........   100%        7    #######
 Hydra Form               Tmut           #.........   100%        6    ######.
 Irradiate                Conj/Tmut      #.........   100%        5    #####..
 Gell's Gravitas          Tloc           ##........   34%         3    #......
 Yara's Violent Unravell  Hex/Tmut       ##........   99%         5    #####..
 Lesser Beckoning         Tloc           ##........   34%         3    #......


Dungeon Overview and Level Annotations

Branches:
Dungeon (15/15)            Temple (1/1) D:6            Lair (6/6) D:10
  Swamp (4/4) Lair:3       Spider (4/4) Lair:2        Slime (0/5) Lair:6
    Orc (2/2) D:9             Elf (0/3) Orc:2        Vaults (1/5) D:13
 Depths (0/5) D:15

Altars:
Cheibriados
Elyvilon
Fedhas
Gozag
Hepliaklqana
Makhleb
Okawaru
Ru
Sif Muna
Trog
Vehumet
Xom
Yredelemnul
Zin
The Shining One
Beogh

Shops:
D:7 ?   Orc:2 ![?}*

Portals:
Pandemonium: Orc:2
Trove: D:11 (show abyssal rune of Zot)

Annotations:
D:13 2 runed doors


Message History

Your orc knight is drained!
The bolt of negative energy hits you!
You feel drained.
* * * LOW HITPOINT WARNING * * *
You block the red devil's attack.
Attack whom?
Press: ? - help, Dir - move target cursor, f - deep elf mage
Aim: a deep elf mage, wielding a long sword (almost dead)
You could not reach far enough!
The deep elf archer points at you and mumbles some strange words.
You easily resist.
Your vault warden hits the deep elf mage with a battleaxe.
Your orc priest closely misses the deep elf mage.
Your orc sorcerer hits the red devil with a dagger.
Your orc knight closely misses the deep elf mage.
Attack whom?
Press: ? - help, Dir - move target cursor, f/p - deep elf mage
Aim: a deep elf mage, wielding a long sword (almost dead)
You could not reach far enough!
The vault warden shoots a bolt.
The bolt hits you!!!
You die...

#........# #........#
###......# #......#
#......# #......#
#......#
#################......#
.....).@))..((.........#
.....o(ooo)....).......#
.....p4ep..............#
......opo..............#
..........p.e..........#
.......................#
.......................#
.......(...............#


You could see a vault warden, a deep elf archer, a deep elf mage, a red devil, a
friendly vault warden, a friendly orc knight, a friendly vault sentinel, a
friendly ironbrand convoker, a friendly orc sorcerer, 2 friendly orc warriors, a
friendly orc priest and a friendly orc.

Vanquished Creatures
  Arachne (Spider:3)
  The ghost of ciphuk the Brawler, an adept TrMo of Ru (Spider:1)
  A ghost moth (Spider:4)
  2 emperor scorpions (Spider:4)
  An ironheart preserver (Vaults:1)
  An entropy weaver (Spider:2)
  A spark wasp (Spider:4)
  A minotaur (Lab)
  Snorg (D:14)
  Josephine (Lair:4)
  8 vault guards (D:13)
  A yaktaur captain (D:15)
  18 hydras
  3 catoblepae
  Fannar (D:11)
  5 alligators
  10 two-headed ogres
  3 ghost crabs
  A tengu warrior (D:14)
  10 death yaks
  A centaur warrior (D:15)
  Urug (D:11)
  A spriggan berserker (Swamp:4)
  4 orc high priests (Orc:2)
  An ogre mage (Volcano)
  A deep elf knight (D:15)
  A hell knight (Volcano)
  8 skeletal warriors
  A torturous demonspawn (Orc:2)
  A sixfirhy (Orc:2)
  An unseen horror (D:10)
  A deep troll (D:15)
  6 swamp dragons (Swamp:4)
  2 gelid demonspawn (Orc:2)
  A shambling mangrove (Swamp:1)
  Pikel (D:4)
  A wolf spider zombie (D:15)
  A lindwurm (Lair:4)
  A deep elf archer (Vaults:1)
  18 wolf spiders
  2 necromancers
  6 orc knights
  2 cyclopes
  4 oklob plants (Lair:6)
  20 orb spiders
  8 orc sorcerers
  2 moths of wrath
  8 ugly things
  6 manticores
  A cyclops (shapeshifter) (D:15)
  12 elephants
  6 centaur zombies
  2 vault sentinels (Vaults:1)
  5 black mambas
  Psyche (D:9)
  An ice statue (IceCv)
  9 spiny frogs
  3 komodo dragons
  3 rime drakes
  7 freezing wraiths (IceCv)
  8 demonic crawlers
  3 ice devils
  2 red devils (Orc:2)
  25 jumping spiders
  A polar bear (Lair:3)
  8 trolls
  Grinder (D:4)
  11 tyrant leeches
  15 hornets
  16 blink frogs
  5 bog bodies
  19 slime creatures
  16 dream sheep
  3 flying skulls (D:12)
  13 hippogriffs
  70 redbacks
  A vampire (D:15)
  21 tarantellas
  43 yaks
  8 wraiths
  4 shadows
  Sigmund (D:4)
  3 hungry ghosts
  5 vampire mosquitoes (D:15)
  2 basilisks
  2 death yak simulacra (IceCv)
  2 spriggans
  A chaos spawn (Orc:2)
  Menkaure (D:4)
  A soldier ant (D:13)
  13 swamp worms
  5 insubstantial wisps (Swamp:2)
  10 water moccasins
  Duvessa (D:6)
  5 porcupines
  27 orc warriors
  15 swamp drakes
  A necrophage (D:9)
  5 ice beasts
  A slave (D:3)
  3 black bears
  9 ogres
  3 phantoms
  33 wolves
  7 centaurs
  17 crocodiles
  4 big kobolds
  6 bullfrogs
  5 gnoll sergeants (Bailey)
  A wyvern zombie (D:12)
  Dowan (D:6)
  2 wyvern skeletons
  A water moccasin skeleton (D:12)
  3 scorpions
  6 killer bees
  13 wights
  A howler monkey (D:4)
  An electric eel (Spider:4)
  8 crimson imps
  4 bullfrog zombies
  3 quasits
  14 orc priests
  3 draconian simulacra (IceCv)
  4 jellies
  7 bullfrog skeletons
  3 gnoll shamans (Bailey)
  9 hounds
  9 centaur skeletons
  Ijyb (D:4)
  A knight (Bailey)
  3 iguanas
  8 orc wizards
  7 troll simulacra (IceCv)
  10 worker ants
  A spriggan simulacrum (IceCv)
  3 centaur simulacra
  A hound zombie (D:7)
  A hound skeleton (D:4)
  22 gnolls
  2 howler monkey skeletons
  An ogre simulacrum (IceCv)
  8 adders
  A naga simulacrum (IceCv)
  4 shadow imps
  8 white imps (IceCv)
  3 oozes
  An adder skeleton (D:5)
  A worm (D:2)
  2 dart slugs
  4 leopard geckos
  52 orcs
  2 ball pythons
  4 bats
  4 giant cockroaches
  11 goblins
  8 hobgoblins
  9 jackals
  16 kobolds
  5 quokkas
  5 frilled lizards
  A leopard gecko zombie (D:6)
  2 quokka zombies
  5 rats
  2 plants
1025 creatures vanquished.

Vanquished Creatures (collateral kills)
  2 ghost moths (Spider:4)
  A stone giant (Vaults:1)
  A great orb of eyes (Vaults:1)
  3 hydras (Swamp:4)
  A catoblepas (Lair:6)
  An ogre mage (Vaults:1)
  A centaur warrior (Vaults:1)
  3 two-headed ogres
  3 alligators
  2 death yaks
  A skeletal warrior (D:14)
  An unseen horror (Vaults:1)
  A shambling mangrove (Swamp:2)
  An ironbrand convoker (Vaults:1)
  3 ugly things (Vaults:1)
  5 orb spiders
  2 orc sorcerers
  A manticore (D:12)
  9 wolf spiders
  A black mamba (Lair:1)
  A torpor snail (Lair:6)
  A spiny frog (Swamp:2)
  3 demonic crawlers
  2 komodo dragons (Lair:2)
  3 freezing wraiths (IceCv)
  A tengu conjurer (D:11)
  A tyrant leech (Swamp:2)
  6 jumping spiders
  A bog body (Swamp:3)
  3 hornets
  4 slime creatures
  2 hippogriffs
  4 blink frogs
  3 dream sheep
  A flying skull (D:12)
  A wraith (D:12)
  2 shadows
  5 tarantellas
  24 redbacks
  8 yaks
  A death yak simulacrum (IceCv)
  A warg (Orc:2)
  A swamp worm (Swamp:4)
  An insubstantial wisp (Swamp:2)
  An acid dragon (Vaults:1)
  3 water moccasins
  A porcupine (Lair:4)
  A black bear (D:10)
  5 orc warriors
  2 swamp drakes
  2 ice beasts (IceCv)
  3 ogres
  9 wolves
  An alligator simulacrum (IceCv)
  A centaur (D:12)
  A big kobold (D:8)
  2 crocodiles
  2 bullfrogs
  3 gnoll sergeants (Bailey)
  3 wights
  2 killer bees
  2 crimson imps
  A bullfrog zombie (D:11)
  2 hounds
  3 orc priests (Orc:2)
  A jelly (D:6)
  2 orc wizards
  A bullfrog skeleton (D:12)
  3 gnoll shamans (Bailey)
  5 centaur simulacra (IceCv)
  A worker ant zombie (D:7)
  5 gnolls
  An adder (D:11)
  A shadow imp (D:11)
  4 white imps (IceCv)
  A leopard gecko (D:7)
  10 orcs
  A jackal (D:8)
  7 kobolds
  A quokka (D:7)
  A leopard gecko skeleton (D:8)
  2 plants (D:10)
220 creatures vanquished.

Vanquished Creatures (others)
  A hydra (Swamp:2)
  An alligator (Swamp:2)
  2 spriggan berserkers (Swamp:4)
  An ugly thing (Swamp:3)
  An orc warrior (Orc:1)
  A wight (D:11)
  23 knights
  A worker ant (D:4)
  2 ancestors (D:8)
  19 fungi
  16 plants
  38 spectral weapons
106 creatures vanquished.

Grand Total: 1351 creatures vanquished

Notes
Turn   | Place    | Note
-------+----------+-------------------------------------------
     0 | D:1      | Kriby the Merfolk Skald began the quest for the Orb.
     0 | D:1      | Reached XP level 1. HP: 16/16 MP: 3/3
   482 | D:1      | Reached XP level 2. HP: 20/23 MP: 5/5
  1111 | D:2      | Reached XP level 3. HP: 28/28 MP: 0/6
  1115 | D:2      | Reached skill level 4 in Polearms
  1416 | D:2      | Noticed an ogre
  1429 | D:2      | Killed an ogre
  1429 | D:2      | Reached skill level 5 in Polearms
  1429 | D:2      | Reached XP level 4. HP: 11/35 MP: 0/7
  1429 | D:2      | Reached XP level 5. HP: 13/41 MP: 0/8
  2251 | D:3      | Reached skill level 5 in Dodging
  3150 | D:3      | Found a deep blue altar of Sif Muna.
  3409 | D:4      | Noticed Pikel
  3409 | D:4      | Noticed a slave
  3409 | D:4      | Noticed a slave
  3409 | D:4      | Noticed a slave
  3409 | D:4      | Noticed a slave
  3409 | D:4      | Noticed Sigmund
  3424 | D:3      | Killed a slave
  3677 | D:4      | Reached skill level 6 in Polearms
  3677 | D:4      | Reached XP level 6. HP: 38/47 MP: 6/9
  3978 | D:4      | Noticed Grinder
  3994 | D:4      | Paralysed by Grinder for 2 turns
  4025 | D:4      | Killed Grinder
  4025 | D:4      | Reached skill level 7 in Polearms
  4025 | D:4      | Reached XP level 7. HP: 24/54 MP: 10/10
  4229 | D:4      | Found a glowing golden altar of the Shining One.
  4303 | D:4      | Killed Sigmund
  4303 | D:4      | Reached skill level 8 in Polearms
  4423 | D:4      | Killed Pikel
  4423 | D:4      | Reached skill level 5 in Fighting
  4423 | D:4      | Reached skill level 9 in Polearms
  4423 | D:4      | Reached XP level 8. HP: 38/62 MP: 8/11
  4492 | D:4      | Noticed Ijyb
  4532 | D:4      | Killed Ijyb
  4603 | D:4      | Found a basalt altar of Yredelemnul.
  4632 | D:4      | Got a bound jade amulet
  4743 | D:4      | Noticed Menkaure
  4745 | D:4      | Identified the amulet "Fedior Urer" {RegenMP MR+ MP+9} (You found it on level 4 of the Dungeon)
  4757 | D:4      | Killed Menkaure
  5321 | D:5      | Entered Level 5 of the Dungeon
  5337 | D:5      | Reached skill level 10 in Polearms
  5579 | D:5      | Reached skill level 1 in Shields
  5579 | D:5      | Reached XP level 9. HP: 66/69 MP: 12/12
  6019 | D:6      | Noticed Duvessa
  6318 | D:6      | Killed Duvessa
  6340 | D:6      | Noticed Dowan
  6426 | D:6      | Killed Dowan
  6655 | D:5      | Reached skill level 10 in Dodging
  6968 | D:6      | Reached skill level 11 in Polearms
  7112 | D:6      | Found an iron altar of Okawaru.
  7437 | D:6      | Found a staircase to the Ecumenical Temple.
  7463 | Temple   | Entered the Ecumenical Temple
  7473 | Temple   | Became a worshipper of Hepliaklqana the Forgotten
  7767 | D:7      | Found Piyr's Magic Scroll Shoppe.
  7777 | D:7      | Bought a scroll of immolation for 52 gold pieces
  7777 | D:7      | Bought a scroll of blinking for 112 gold pieces
  7777 | D:7      | Bought a scroll of teleportation for 45 gold pieces
  7777 | D:7      | Bought a scroll of teleportation for 45 gold pieces
  8076 | D:7      | Reached * piety under Hepliaklqana
  8276 | D:8      | Noticed a hornet
  8288 | D:8      | Killed a hornet
  8593 | D:8      | Reached skill level 12 in Polearms
  8674 | D:8      | Noticed a two-headed ogre
  8684 | D:8      | Killed a two-headed ogre
  8684 | D:8      | Reached XP level 10. HP: 71/71 MP: 13/13
  8695 | D:8      | Learned a level 2 spell: Shroud of Golubria
  8699 | D:8      | Learned a level 3 spell: Regeneration
  8713 | D:8      | Learned a level 3 spell: Spectral Weapon
  9297 | D:8      | Found a blossoming altar of Fedhas.
  9421 | D:8      | Found an opulent altar of Gozag.
  9547 | D:9      | Reached skill level 13 in Polearms
  9617 | D:9      | Found a deep blue altar of Sif Muna.
  9617 | D:9      | Found a staircase to the Orcish Mines.
  9673 | D:9      | Found a roughly hewn altar of Beogh.
  9831 | D:9      | Found a white marble altar of Elyvilon.
  9832 | D:9      | Found a radiant altar of Vehumet.
  9833 | D:9      | Found a glowing silver altar of Zin.
  9834 | D:9      | Noticed Psyche
  9835 | D:9      | Found a burning altar of Makhleb.
  9836 | D:9      | Found a bloodstained altar of Trog.
  9836 | D:9      | Found a snail-covered altar of Cheibriados.
  9844 | D:9      | Killed Psyche
  9988 | D:9      | Reached ** piety under Hepliaklqana
 10000 | D:9      | Remembered your ancestor Demise as a knight
 10324 | D:10     | Entered Level 10 of the Dungeon
 10324 | D:10     | Noticed a two-headed ogre
 10712 | D:10     | Found a staircase to the Lair.
 10729 | D:10     | Found a flagged portal.
 10747 | Bailey   | Entered a bailey
 10960 | Bailey   | Got a distressingly furry chain mail
 10964 | Bailey   | Identified the +7 chain mail of the Gusle {Int+3} (You took it off a gnoll sergeant in a bailey)
 11904 | D:10     | Noticed an unseen horror
 11919 | D:10     | Killed an unseen horror
 11919 | D:10     | Reached skill level 14 in Polearms
 11919 | D:10     | Reached XP level 11. HP: 68/77 MP: 14/14
 12274 | D:10     | Reached skill level 5 in Charms
 12630 | D:9      | Killed a two-headed ogre
 12690 | D:7      | Bought a scroll of identify for 30 gold pieces
 12690 | D:7      | Bought a scroll of enchant armour for 112 gold pieces
 12690 | D:7      | Bought a scroll of brand weapon for 300 gold pieces
 12690 | D:7      | Bought a scroll of identify for 30 gold pieces
 12883 | Lair:1   | Entered Level 1 of the Lair of Beasts
 13240 | Lair:1   | Found an iron altar of Okawaru.
 13351 | Lair:1   | Reached *** piety under Hepliaklqana
 14073 | Lair:1   | Reached skill level 15 in Polearms
 14776 | Lair:2   | Found a hole to the Spider Nest.
 14783 | Lair:2   | Reached XP level 12. HP: 86/86 MP: 15/15
 14905 | Lair:2   | Reached skill level 16 in Polearms
 15402 | Lair:3   | Noticed a six-headed hydra
 15420 | Lair:3   | Killed a three-headed hydra
 15475 | Lair:2   | Learned a level 1 spell: Animate Skeleton
 15780 | Lair:3   | Reached skill level 10 in Fighting
 15857 | Lair:3   | Reached skill level 17 in Polearms
 16210 | Lair:3   | Reached **** piety under Hepliaklqana
 16869 | Lair:3   | Found a staircase to the Swamp.
 17238 | Lair:4   | Reached XP level 13. HP: 31/93 MP: 18/18
 17530 | Lair:4   | Upgraded the game from 0.22-a0-447-gee5f7238b3 to 0.22-a0-448-g1fb7470005
 17636 | Lair:4   | Noticed Josephine
 17652 | Lair:4   | Killed Josephine
 17718 | Lair:4   | Reached skill level 18 in Polearms
 18293 | Lair:4   | Reached skill level 15 in Dodging
 18728 | Lair:4   | Reached ***** piety under Hepliaklqana
 19014 | Lair:5   | Reached skill level 5 in Spellcasting
 19442 | Lair:5   | Identified the +4 falchion of Death's Door {drain, rElec} (You found it on level 5 of the Lair of Beasts)
 19832 | Lair:6   | Entered Level 6 of the Lair of Beasts
 19832 | Lair:6   | Found a staircase to the Slime Pits.
 19891 | Lair:6   | Reached skill level 19 in Polearms
 19913 | Lair:6   | Reached XP level 14. HP: 75/101 MP: 22/22
 21766 | Lair:6   | Reached skill level 20 in Polearms
 22445 | D:11     | Found a portal to a secret trove of treasure.
 22841 | D:11     | Noticed Urug
 22863 | D:11     | Killed Urug
 23148 | D:11     | Noticed Fannar
 23166 | D:11     | Killed Fannar
 23360 | D:12     | Reached XP level 15. HP: 78/109 MP: 25/25
 23526 | D:12     | Reached skill level 21 in Polearms
 23886 | D:12     | Found a frozen archway.
 23906 | IceCv    | Entered an ice cave
 24348 | IceCv    | Found an ancient bone altar of Kikubaaqudgha.
 25703 | D:13     | Found a large runed door.
 25703 | D:13     | Found a large runed door.
 26102 | D:13     | Reached skill level 22 in Polearms
 26193 | D:13     | Reached ****** piety under Hepliaklqana
 26200 | D:13     | Found a gate to the Vaults.
 27213 | D:14     | Noticed Snorg
 27220 | D:14     | Killed Snorg
 27298 | D:14     | Reached XP level 16. HP: 79/117 MP: 27/27
 27580 | D:14     | Found a labyrinth entrance.
 27595 | Lab      | Entered a labyrinth
 28344 | Lab      | Identified Sif Muna's Grimoire of Execration
 28357 | Lab      | Got a dazzling dagger
 28438 | D:14     | Reached skill level 10 in Charms
 28672 | D:14     | Found a sacrificial altar of Ru.
 28842 | D:15     | Entered Level 15 of the Dungeon
 28899 | D:15     | Found an opulent altar of Gozag.
 29769 | D:15     | Found a staircase to the Depths.
 30254 | Orc:1    | Entered Level 1 of the Orcish Mines
 30674 | Orc:2    | Entered Level 2 of the Orcish Mines
 30746 | Orc:2    | Found Moba's General Store.
 30798 | Orc:2    | Found a dark tunnel.
 30813 | Orc:2    | Found a staircase to the Elven Halls.
 30833 | Volcano  | Entered a volcano
 31149 | Orc:2    | Bought a scroll of enchant weapon for 105 gold pieces
 31431 | Orc:2    | Found Caujeg's Distillery.
 31470 | Orc:2    | Found Plog's Magic Scroll Shop.
 31574 | Orc:2    | Bought a potion of curing for 39 gold pieces
 31574 | Orc:2    | Bought a potion of curing for 39 gold pieces
 31574 | Orc:2    | Bought a potion of heal wounds for 65 gold pieces
 31574 | Orc:2    | Bought a potion of brilliance for 52 gold pieces
 31574 | Orc:2    | Bought a potion of mutation for 104 gold pieces
 31574 | Orc:2    | Bought a potion of brilliance for 52 gold pieces
 31574 | Orc:2    | Bought a potion of curing for 39 gold pieces
 31574 | Orc:2    | Bought a potion of agility for 52 gold pieces
 31576 | Orc:2    | Bought a scroll of blinking for 127 gold pieces
 31576 | Orc:2    | Bought a scroll of enchant weapon for 127 gold pieces
 31576 | Orc:2    | Bought a scroll of blinking for 127 gold pieces
 31576 | Orc:2    | Bought a scroll of fog for 34 gold pieces
 32030 | Orc:2    | Reached skill level 23 in Polearms
 32353 | Orc:2    | Found Pamm's Gadget Shoppe.
 32353 | Orc:2    | Found Ady Siom's Antique Armour Emporium.
 32353 | Orc:2    | Found a one-way gate leading to the halls of Pandemonium.
 33368 | Spider:1 | Entered Level 1 of the Spider Nest
 33368 | Spider:1 | Noticed ciphuk's ghost (adept TrMo)
 33730 | Spider:1 | Killed ciphuk's ghost
 33788 | Spider:1 | Identified the +2 robe of Qeggil Koapn {MR+ Regen+} (You found it on level 1 of the Spider Nest)
 34531 | Spider:1 | Reached XP level 17. HP: 125/125 MP: 30/30
 36220 | Spider:2 | Reached skill level 5 in Shields
 38140 | Spider:3 | Noticed Arachne
 38155 | Spider:3 | Killed Arachne
 39467 | Spider:4 | Entered Level 4 of the Spider Nest
 39873 | Spider:4 | Reached skill level 10 in Spellcasting
 40192 | Spider:4 | Reached skill level 15 in Fighting
 40360 | Spider:4 | Identified a scroll of acquirement
 40361 | Spider:4 | Identified the +2 pair of boots of Bitterness {rC+ rCorr Dex+2} (You acquired it on level 4 of the Spider Nest)
 40704 | Spider:4 | Reached XP level 18. HP: 108/134 MP: 28/32
 41759 | Spider:4 | Got a gossamer rune of Zot
 41952 | Swamp:1  | Entered Level 1 of the Swamp
 42397 | Swamp:1  | Identified the cursed +0 buckler of Yson {MR+} (You found it on level 1 of the Swamp)
 43526 | Swamp:2  | Reached skill level 10 in Shields
 44740 | Swamp:3  | Reached skill level 1 in Hexes
 44916 | Swamp:4  | Entered Level 4 of the Swamp
 44951 | Swamp:4  | Reached skill level 1 in Translocations
 44984 | Swamp:4  | Reached skill level 1 in Necromancy
 45318 | Swamp:4  | Identified the cursed +1 leather armour of the Sneaky Stories {Regen+ MP+9 Str+2 Dex-4} (You found it on level 4 of the Swamp)
 45669 | Swamp:4  | Identified the +2 broad axe of Reason {drain, Int+2 Stlth+} (You found it on level 4 of the Swamp)
 46083 | Swamp:4  | Got a decaying rune of Zot
 46396 | Vaults:1 | Entered Level 1 of the Vaults
 46537 | Vaults:1 | Reached XP level 19. HP: 141/141 MP: 33/33
 46681 | Vaults:1 | Shot with a bolt by a vault warden

Vault maps used:
D:1:      dpeg_arrival_line_fractal, minmay_hexomino_u4
D:2:      first_ration, minmay_misc_feat_pillars, dk_noncrumbling_4, st_stairs_9
D:3:      lemuel_blue_sif_altar
D:4:      nicolae_overflow_crystal_walls, nicolae_tso_carved_into_rock,
          serial_bayou_ford_a, uniq_pikel, uniq_grinder, uniq_menkaure,
          uniq_sigmund, uniq_ijyb
D:5:      moated_statue
D:6:      okawaru_altar_gauntlet_db, minmay_temple_entry_glassed_door,
          grunt_decor_cap, uniq_duvessa
D:7:      serial_shops, nicolae_shop_trees
D:8:      kennysheep_little_box, old_standard_altar
D:9:      grunt_temple_overflow_open, minmay_orc_entry_temple_small,
          basic_altar, uniq_psyche
D:10:     dpeg_oklobed_lair, enter_bailey_3
D:11:     enter_trove_1, grunt_tengu_nest, uniq_urug, uniq_fannar
D:12:     hangedman_screamer, portal_ice_cave_demonic_guard, hex_tiny
D:13:     doesnt_quadruple_sword, erik_vaults_2, minmay_fountain_box
D:14:     lemuel_crystal_altar, lab_entry_generic, uniq_snorg
D:15:     hangedman_depths_entry_civil_slaughter, serial_park_square1,
          nicolae_twisting_strands
Temple:   dpeg_chambers_temple
Lair:1:   basic_altar, st_stairs_4, serial_bayou_shore_b
Lair:2:   beast_lair_carwin_large_4, dummy_spider_entry, serial_bayou_shore_b,
          lemuel_fruit_fields, lemuel_fruit_tree
Lair:3:   minmay_swamp_entry_worms, minivault_24, bh_autumn_forest_stairs,
          st_stairs_12, serial_bayou_shore_b, grunt_megastairs_4
Lair:4:   grunt_forest_large_clearings, uniq_josephine
Lair:6:   evilmike_catoblepas_cave, slime_dummy, st_stairs_9,
          grunt_megastairs_1, minmay_lair_oklob_chamber, lemuel_fruit_fields,
          infiniplex_staircase_pool
Swamp:1:  hangedman_swamp_pad
Swamp:2:  evilmike_swamp_ruin_house_5
Swamp:3:  hangedman_swamp_cone, swamp_pool2
Swamp:4:  swamp_basic_johnstein
Spider:2: hangedman_spider_tarantella_strand
Spider:3: nicolae_orb_island, uniq_arachne
Spider:4: spider_rune_water
Orc:2:    pf_orc_diabolical, enter_volcano_2, serial_shops, nicolae_shop_crystal
Vaults:1: ontoclasm_vaults_ligature, vaults_standard_mumra_lines, v_misc_11,
          nicolae_vaults_three_branches, nicolae_vaults_little_ls,
          grunt_vaults_diagonal, grunt_vaults_swirl, ontoclasm_vaults_gateway,
          grunt_vaults_twisty, hangedman_vaults_locks, special_room_vaults
Lab:      nicolae_lab_dead_adventurers, nicolae_lab_do_over, nicolae_lab_garden
Bailey:   bailey_polearm_gnolls_kennysheep, bailey
IceCv:    ice_cave_small_necro
Volcano:  volcano_pools

Skill      XL: |  1  2  3  4  5  6  7  8  9 10 11 12 13 14 15 16 17 18 19 |
---------------+----------------------------------------------------------+-----
Dodging        | 3 4 5 6 8 9 11 12 13 14 15 16 17 18 | 18.2
Polearms       | 5 6 7 9 10 12 14 15 17 19 20 22 23 | 23.2
Fighting       | 3 4 5 7 8 9 10 11 12 13 14 15 | 15.9
Shields        | 1 2 3 8 10 11 | 11.3
Charms         | 4 6 8 9 10 12 | 12.7
Spellcasting   | 3 5 7 9 10 | 10.7
Hexes          | 2 3 |  3.0
Translocations | 2 |  2.9
Necromancy     | 2 |  2.8
Armour         | |  0.6

Action                   |  1- 3 |  4- 6 |  7- 9 | 10-12 | 13-15 | 16-18 | 19-21 || total
-------------------------+-------+-------+-------+-------+-------+-------+-------++-------
Melee: Spear             |   107 |   103 |       |       |       |       |       ||   210
       Trident           |       |   106 |   343 |       |       |       |       ||   449
       Halberd           |       |       |   110 |   171 |       |       |       ||   281
       Glaive            |       |       |       |   123 |       |       |       ||   123
       Bardiche          |       |       |       |   291 |   817 |   318 |       ||  1426
       Demon trident     |       |       |       |       |       |  1406 |    43 ||  1449
       Tailslap          |       |       |       |       |       |    30 |       ||    30
Throw: Throwing net      |       |       |       |       |     1 |       |       ||     1
 Cast: Infusion          |    10 |    13 |    29 |    15 |     1 |     3 |       ||    71
       Shroud of Golubri |       |       |       |     9 |    44 |    59 |     1 ||   113
       Spectral Weapon   |       |       |       |    13 |    75 |    83 |     1 ||   172
       Regeneration      |       |       |       |     1 |    42 |    56 |     1 ||   100
       Animate Skeleton  |       |       |       |       |     3 |       |       ||     3
Invok: Recall Ancestor   |       |       |     1 |     1 |     3 |     9 |       ||    14
       Ancestor Identity |       |       |     1 |       |       |       |       ||     1
       Ancestor Life: Kn |       |       |       |     1 |       |       |       ||     1
Evoke: Wand              |       |       |       |       |       |     4 |       ||     4
  Use: Scroll            |       |     1 |     8 |    13 |    14 |    21 |     1 ||    58
       Potion            |       |     6 |     1 |     5 |     2 |     6 |       ||    20
 Stab: Distracted        |     1 |       |     2 |     6 |    13 |    27 |       ||    49
       Invisible         |       |     2 |       |       |       |       |       ||     2
       Sleeping          |       |       |     1 |     1 |     1 |     2 |       ||     5
       Petrifying        |       |       |       |       |     1 |       |       ||     1
       Confused          |       |       |       |       |       |     1 |       ||     1
  Eat: Chunk             |     2 |     6 |    15 |    20 |    30 |    38 |       ||   111
       Ration            |       |     1 |       |     4 |     4 |     8 |       ||    17
Armor: Leather armour    |    41 |    33 |    67 |    86 |   113 |   221 |       ||   561
       Skin              |       |    16 |       |       |       |       |       ||    16
       Chain mail        |       |       |       |    19 |       |       |       ||    19
       Swamp dragon scal |       |       |       |       |       |    18 |     7 ||    25
Dodge: Dodged            |    80 |    85 |   252 |   507 |   629 |   828 |    10 ||  2391
Block: Shield            |       |       |    55 |       |       |   424 |    26 ||   505
       Buckler           |       |       |       |       |       |    82 |       ||    82
       Reflection        |       |       |       |       |       |     5 |     6 ||    11

Table legend:
 A = Spawn XP
 B = Non-spawn XP
 C = Spawn XP percentage of total XP
 D = Spawn monster count
 E = Non-spawn monster count
 F = Spawn count percentage of total count
 G = Total turns spent on level
                    A         B        C        D         E        F      G
               +---------+---------+-------+---------+---------+-------+---------
         Total |       0 |  329655 |   0.0 |       0 |    1242 |   0.0 | 46681
               +---------+---------+-------+---------+---------+-------+---------
           D:1 |       0 |      28 |   0.0 |       0 |      15 |   0.0 |  1100
           D:2 |       0 |     190 |   0.0 |       0 |      20 |   0.0 |  1078
           D:3 |       0 |      88 |   0.0 |       0 |      22 |   0.0 |  1579
           D:4 |       0 |    1787 |   0.0 |       0 |      23 |   0.0 |  1564
           D:5 |       0 |     565 |   0.0 |       0 |      16 |   0.0 |  1208
           D:6 |       0 |     818 |   0.0 |       0 |      31 |   0.0 |  1097
           D:7 |       0 |     483 |   0.0 |       0 |      15 |   0.0 |   721
           D:8 |       0 |    2251 |   0.0 |       0 |      23 |   0.0 |  1583
           D:9 |       0 |    2114 |   0.0 |       0 |      16 |   0.0 |   991
          D:10 |       0 |    1773 |   0.0 |       0 |      21 |   0.0 |  1188
          D:11 |       0 |    7336 |   0.0 |       0 |      48 |   0.0 |  1035
          D:12 |       0 |   17953 |   0.0 |       0 |      96 |   0.0 |  1547
          D:13 |       0 |   16867 |   0.0 |       0 |      34 |   0.0 |  1788
          D:14 |       0 |    5853 |   0.0 |       0 |       9 |   0.0 |   961
          D:15 |       0 |    9545 |   0.0 |       0 |      25 |   0.0 |  1326
        Lair:1 |       0 |    3752 |   0.0 |       0 |      17 |   0.0 |  1642
        Lair:2 |       0 |    4967 |   0.0 |       0 |      30 |   0.0 |  1441
        Lair:3 |       0 |   11168 |   0.0 |       0 |      40 |   0.0 |  1614
        Lair:4 |       0 |   15607 |   0.0 |       0 |      66 |   0.0 |  2105
        Lair:5 |       0 |    5433 |   0.0 |       0 |      13 |   0.0 |   935
        Lair:6 |       0 |   26729 |   0.0 |       0 |      76 |   0.0 |  2169
       Swamp:1 |       0 |   10726 |   0.0 |       0 |      30 |   0.0 |  1057
       Swamp:2 |       0 |   13360 |   0.0 |       0 |      34 |   0.0 |   996
       Swamp:3 |       0 |    7809 |   0.0 |       0 |      19 |   0.0 |   968
       Swamp:4 |       0 |   23749 |   0.0 |       0 |      48 |   0.0 |  1221
      Spider:1 |       0 |   22797 |   0.0 |       0 |      70 |   0.0 |  3342
      Spider:2 |       0 |   13134 |   0.0 |       0 |      38 |   0.0 |   923
      Spider:3 |       0 |   22806 |   0.0 |       0 |      56 |   0.0 |  1977
      Spider:4 |       0 |   29618 |   0.0 |       0 |      69 |   0.0 |  2033
         Orc:1 |       0 |    2998 |   0.0 |       0 |      28 |   0.0 |   642
         Orc:2 |       0 |   18502 |   0.0 |       0 |      80 |   0.0 |  1841
      Vaults:1 |       0 |   14534 |   0.0 |       0 |      23 |   0.0 |   285
           Lab |       0 |    1200 |   0.0 |       0 |       1 |   0.0 |   765
        Bailey |       0 |    1227 |   0.0 |       0 |      30 |   0.0 |   908
         IceCv |       0 |    6712 |   0.0 |       0 |      54 |   0.0 |   778
       Volcano |       0 |    5176 |   0.0 |       0 |       6 |   0.0 |   254
               +---------+---------+-------+---------+---------+-------+---------
